 Dungeon Crawl Stone Soup version 0.14-a0-2881-g20de702 (webtiles) character file.

369122 Econoterrorist the Peltast (level 22, -19/155 HPs)
             Began as a Gargoyle Fighter on Feb 27, 2014.
             Was the Champion of Okawaru.
             Killed by the air
             ... invoked by a titan
              (48 damage)
             ... on Level 5 of the Vaults on Feb 28, 2014.
             The game lasted 07:12:59 (65925 turns).

Econoterrorist the Peltast (Gargoyle Fighter)      Turns: 65925, Time: 07:13:00

HP -19/155       AC 48     Str 23      XL: 22   Next: 16%
MP  27/32        EV  9     Int 26      God: Okawaru [******]
Gold 3759        SH 51     Dex 10      Spells:  6 memorised, 19 levels left

rFire  + + +     SeeInvis +     y - +7 demon whip of Schaut {drain, Contam rElec rF++ rC+ MR++}
rCold  + + +     Clarity  +     V - +4 pearl dragon armour
rNeg   + + +     Conserve .     c - +0 large shield {reflect}
rPois  +         rCorr    .     R - -1 helmet {Int+3}
rElec  +         rRot     +     C - +3 cloak of Lillic {rF+ MR+ Int+2 SInv}
SustAb . .       Spirit   .     Y - +2 pair of dwarf gloves {Str+3}
rMut   .         Warding  .     D - +1 pair of boots of Anaesthesia {rN+}
Saprov . . .     Stasis   .     G - amulet of Qientol Upij {Clar rC+}
MR     +++++                    k - ring of the Mage {Wiz MR+ Int+3}
                                b - ring of protection from cold

@: flying, almost entirely resistant to hostile enchantments, extremely
unstealthy
A: large and strong wings, life protection 1, electricity resistance,
unbreathing, petrification resistance, AC +16
a: Stop Flying, Heroism, Finesse, Renounce Religion
}: 3/15 runes: serpentine, barnacled, slimy


You were on level 5 of the Vaults.
You worshipped Okawaru.
Okawaru was exalted by your worship.
You were not hungry.

You visited 9 branches of the dungeon, and saw 53 of its levels.
You also visited: Trove.

You collected 6342 gold pieces.
You spent 2583 gold pieces at shops.

Inventory:

Hand weapons
 p - a +5,+5 eveningstar of holy wrath
 y - the +7,+7 demon whip of Schaut (weapon) {drain, Contam rElec rF++ rC+ MR++}
   (Okawaru gifted it to you on level 1 of the Snake Pit)

   A truly terrible weapon, it drains the life of those it strikes.
   It greatly protects you from fire.
   It protects you from cold.
   It insulates you from electricity.
   It affects your resistance to hostile enchantments.
   It causes magical contamination when unequipped.
Armour
 c - a +0 large shield of reflection (worn)
 C - the +3 cloak of Lillic (worn) {rF+ MR+ Int+2 SInv}
   (You acquired it on level 1 of the Snake Pit)

   It affects your intelligence (+2).
   It protects you from fire.
   It affects your resistance to hostile enchantments.
   It enhances your eyesight.
 D - the +1 pair of boots of Anaesthesia (worn) {rN+}
   (You bought it in a shop on level 4 of the Orcish Mines)

   It protects you from negative energy.
 R - a -1 helmet of intelligence (worn)
 V - a +4 pearl dragon armour (worn)
 X - the +1 pair of gloves of the Pure Lies {rF+ rC+ rN+ Int+3 Stlth-}
   (You found it on level 6 of the Pits of Slime)

   It affects your intelligence (+3).
   It protects you from fire.
   It protects you from cold.
   It protects you from negative energy.
   It makes you much less stealthy.
 Y - a +2 pair of dwarven gloves of strength (worn)
Magical devices
 o - a wand of digging (2)
 z - a wand of cold (1)
 A - a wand of slowing (12)
 B - a wand of hasting (2)
 E - a wand of magic darts (3)
 J - a wand of teleportation (3)
 L - a wand of fire (6)
 M - a wand of disintegration (4)
 Z - a wand of lightning (0)
Comestibles
 d - 6 bread rations
 N - a lemon
 O - 10 meat rations
 T - 2 pears
Scrolls
 f - 5 scrolls of teleportation
 g - 7 scrolls of fog
 h - 6 scrolls of identify
 j - 4 scrolls of magic mapping
 l - a scroll of enchant weapon I
 m - 6 scrolls of remove curse
 u - 3 scrolls of fear
 v - a scroll of holy word
Jewellery
 a - an uncursed amulet of resist mutation
 b - a ring of protection from cold (left hand)
 i - an uncursed amulet of resist corrosion
 k - the ring of the Mage (right hand) {Wiz MR+ Int+3}
   (You took it off a deep elf death mage on level 3 of the Elven Halls)

   [ring of wizardry]

   It affects your intelligence (+3).
   It affects your resistance to hostile enchantments.
 q - the macabre finger necklace {Ward}
   (You found it in a treasure trove)

   [amulet of warding]
 w - an uncursed ring of sustenance
 x - an uncursed ring of ice
 G - the amulet of Qientol Upij (around neck) {Clar rC+}
   (You acquired it on level 14 of the Dungeon)

   [amulet of clarity]

   It protects you from cold.
 H - an uncursed amulet of conservation
 W - a cursed ring of teleport control {unknown}
Potions
 e - a potion of speed
 r - 7 potions of curing
 s - 2 potions of resistance
 t - a potion of agility
 F - 3 potions of restore abilities
 Q - 4 potions of might


   Skills:
 + Level 21.4 Fighting
 - Level 16.5 Maces & Flails
 - Level 13.2 Armour
 - Level 25.0 Shields
 - Level 6.2 Spellcasting
 - Level 5.0 Charms
 - Level 1.0 Translocations
 - Level 5.0 Invocations


You had 19 spell levels left.
You knew the following spells:

 Your Spells              Type           Power        Failure   Level  Hunger
a - Blink                 Tloc           N/A          4%          2    None
b - Repel Missiles        Chrm/Air       ###...       2%          2    None
c - Shroud of Golubria    Chrm/Tloc      ###.......   1%          2    None
d - Swiftness             Chrm/Air       ###.....     2%          2    None
e - Regeneration          Chrm/Necr      ###.......   4%          3    None
f - Spectral Weapon       Hex/Chrm       ###.....     4%          3    None


Dungeon Overview and Level Annotations

Branches:
Dungeon (16/16)            Temple (1/1) D:6             Orc (4/4) D:12
    Elf (3/3) Orc:4          Lair (8/8) D:9          Shoals (5/5) Lair:3
  Snake (5/5) Lair:5        Slime (6/6) Lair:8       Vaults (5/5) D:14
  Blade (0/1) Vaults:3      Crypt (0/5) Vaults:3     Depths (0/6) D:16

Altars:
Cheibriados
Dithmenos
Fedhas
Kikubaaqudgha
Makhleb
Okawaru
Sif Muna
Trog
Xom
Yredelemnul
Zin
Jiyva

Shops:
D:16 ![!   Orc:1 !   Orc:2 ?   Orc:4 (=*[   Elf:2 (   Shoals:4 (   Snake:5 %

Annotations:
Slime:3 Dissolution
Vaults:5 Margery


Innate Abilities, Weirdness & Mutations

You are resistant to torment.
You are immune to poison.
You can fly continuously.
Your stone body is very resilient (AC +16).
Your wings are large and strong.
You resist negative energy.
You are resistant to electric shocks.
You can survive without breathing.
You are immune to petrification.


Message History

The troll zombie is unaffected.
The tentacled monstrosity is unaffected.
The stone giant easily resists.
The vault warden resists with almost no effort.
The fire giant resists with almost no effort.
Margery resists with almost no effort.
The necromancer resists.
The hell knight resists.
The yaktaur captain looks frightened!
The deep troll shaman looks frightened!
The deep troll looks frightened!
The yaktaur captain looks frightened!
The orc knight looks frightened!
The orc looks frightened!
The fire dragon looks frightened!
The vault sentinel seems to regain its courage.
You block the mana viper's attack.
Cornered, the vault guard turns to fight!
The stone giant hits you but does no damage.
You block the quicksilver dragon's attack.
The quicksilver dragon claws you but does no damage.
The titan waves its arms in wide circles.
The air twists around and violently strikes you in flight!
You die...

#... ..H#....#
..(.#....##H
....#....#R#C
ccC.(....CT#
#####.C.GH.@.###
........*.@....@
......(cSC<..(....
.....C..D@CX..$..c
......oCCD<...((..
######.o.(@CCc.####
...@D@..@.ZT....#
....##T...@..#.C#
##@#....##...
#.#(...# #.
.C#....# .@.#c...#


You could see Margery, a shadow dragon, a tentacled monstrosity, a titan, a fire
giant, a fire dragon (fleeing), a quicksilver dragon, an iron troll (fleeing),
11 stone giants, 2 vault wardens, 3 tengu reavers, 3 yaktaur captains, 2 vault
guards, an orc knight (fleeing), a hell knight, a shining eye shaped shifter, a
deep troll (fleeing), a vault sentinel, a dryad (fleeing), an ironbrand
convoker, a mana viper, a deep troll shaman (fleeing), 3 yaktaurs, a
necromancer, an orc (frenzied) and a troll zombie.

Vanquished Creatures
  the royal jelly (Slime:6)
  2 deep elf blademasters (Elf:3)
  2 deep elf master archers (Elf:3)
  20 acid blobs
  A storm dragon (Vaults:4)
  12 azure jellies
  An orc warlord (Orc:3)
  4 sphinxes
  7 deep elf sorcerers
  A frost giant (Vaults:4)
  Donald (Shoals:4)
  Rupert (Elf:1)
  8 vault wardens
  Jorgrun (Vaults:4)
  4 deep elf annihilators (Elf:3)
  7 deep elf demonologists
  A fire giant (Vaults:3)
  9 greater nagas
  Snorg (Orc:1)
  Ilsuiw (Shoals:3)
  7 merfolk javelineers
  4 dancing weapons (Vaults:3)
  2 death oozes (Slime:6)
  6 deep elf death magi
  Louise (Shoals:3)
  A kraken (Shoals:5)
  Fannar (Lair:7)
  2 fire dragons
  3 stone giants
  11 yaktaur captains
  7 merfolk impalers
  2 deep elf high priests (Elf:3)
  11 hydras
  Josephine (D:12)
  Erica (Orc:2)
  3 sirens (Shoals:5)
  22 naga warriors
  5 ironheart preservers
  26 vault guards
  3 death yaks (Lair:8)
  6 merfolk aquamancers
  3 orc high priests
  6 ogre magi
  12 naga sharpshooters
  A rakshasa (Vaults:2)
  2 satyrs
  The ghost of Neoxx the Protected, an experienced FoCK of Xom (D:6)
  A spectral elf (Elf:2)
  Urug (D:12)
  Nergalle (Lair:7)
  3 great orbs of eyes
  An ice dragon (Vaults:1)
  3 anacondas
  11 shock serpents
  6 skeletal warriors
  2 iron trolls
  5 very ugly things (Vaults:4)
  18 centaur warriors
  A fire crab (shapeshifter) (Vaults:1)
  19 sea snakes
  A flayed ghost (Vaults:4)
  3 unseen horrors
  3 water nymphs
  8 deep elf summoners
  A wolf spider zombie (D:16)
  12 hill giants
  A lindwurm (Lair:8)
  A giant orange brain (Slime:4)
  15 deep elf knights
  15 harpies
  15 orc knights
  8 orc sorcerers
  9 mana vipers
  8 manticores
  11 griffons
  9 salamanders
  Maurice (D:11)
  24 black mambas
  A deep dwarf death knight (Vaults:3)
  9 octopodes
  2 salamander mystics
  8 ironbrand convokers
  7 elephants
  A red wasp (Vaults:4)
  23 naga magi
  An item mimic (Lair:7)
  11 spiny frogs
  7 vault sentinels
  7 guardian serpents
  Psyche (D:11)
  4 deep trolls
  14 deep elf conjurers
  A manticore (shapeshifter) (Vaults:2)
  5 eyes of devastation
  A feature mimic (Orc:4)
  17 yaktaurs
  2 mermaids (shapeshifter)
  A yaktaur (shapeshifter) (Elf:2)
  5 naga ritualists
  47 merfolk
  7 cyclopes
  2 centaur zombies
  A demonic crawler (Elf:2)
  2 wolf spiders
  13 mermaids
  A dryad (shapeshifter) (Vaults:1)
  12 trolls
  A hydra zombie (D:12)
  3 fauns (Shoals:4)
  9 shining eyes
  4 komodo dragons
  9 two-headed ogres
  A giant firefly (shapeshifter) (Vaults:4)
  2 giant leeches (Lair:8)
  7 deep elf priests
  28 brown oozes
  A griffon zombie (D:12)
  A freezing wraith (Vaults:4)
  5 fire drakes
  A spriggan (shapeshifter) (Vaults:1)
  3 giant fireflies (Lair:8)
  6 blink frogs
  5 wind drakes
  A stone giant simulacrum (Vaults:3)
  96 slime creatures
  8 snapping turtles
  8 redbacks
  A grizzly bear (shapeshifter) (Vaults:3)
  2 trapdoor spiders
  A brown ooze (shapeshifter) (D:16)
  A slime creature (shapeshifter) (Vaults:4)
  A wraith (Vaults:3)
  3 basilisks
  20 sharks
  5 vampires
  4 elephant slugs
  5 golden eyes (Slime:5)
  17 deep elf fighters
  11 water elementals
  30 yaks
  The ghost of TomPliss the Ogre Mage, an average OgWz (D:3)
  32 deep elf magi
  Grum (D:11)
  10 vampire mosquitoes
  77 ugly things
  A wyvern (Lair:2)
  A trapdoor spider (shapeshifter) (D:15)
  11 hippogriffs
  A boulder beetle (Vaults:2)
  3 hill giant skeletons
  3 hungry ghosts
  5 wolves
  7 porcupines
  A human skeleton (D:14)
  4 swamp worms (D:14)
  2 necrophages
  3 sky beasts
  54 nagas
  A queen bee (shapeshifter) (D:13)
  A polar bear (shapeshifter) (Vaults:3)
  6 giant goldfish
  50 orc warriors
  A black bear (Lair:1)
  13 ice beasts
  5 tengu (Shoals:2)
  27 ogres
  10 wargs
  28 centaurs
  12 crocodiles
  14 giant slugs
  5 brain worms (Lair:8)
  2 big kobolds
  21 water moccasins
  20 giant frogs
  A komodo dragon skeleton (D:12)
  10 eyes of draining
  2 cyclops skeletons
  2 human zombies (Vaults:3)
  A human simulacrum (Vaults:2)
  3 wights (D:9)
  7 killer bees
  16 electric eels
  3 lava snakes (Lair:4)
  16 hounds
  A two-headed ogre zombie (D:13)
  11 crimson imps
  A giant frog skeleton (D:12)
  5 giant frog zombies
  11 big fish
  19 jellies
  29 orc priests
  A warg zombie (Vaults:3)
  A basilisk skeleton (D:11)
  2 orange rats
  13 scorpions
  28 orc wizards
  11 worker ants
  5 iguanas
  An ogre zombie (D:8)
  36 sheep
  A mottled dragon skeleton (D:14)
  3 ogre skeletons
  A hound zombie (D:6)
  31 green rats
  A spectral human (D:5)
  22 adders
  10 orc zombies
  6 giant mites
  2 orc skeletons
  35 worms
  An iguana zombie (D:6)
  An adder skeleton (D:9)
  5 giant eyeballs
  17 giant geckos
  5 oozes
  200 orcs
  4 ball pythons
  8 boggarts
  18 goblins
  24 hobgoblins
  28 jackals
  9 quokkas
  21 bats
  6 giant cockroaches
  4 giant newts
  21 kobolds
  A kobold zombie (D:6)
  A quokka zombie (D:3)
  18 rats
  3 ballistomycetes (D:14)
  4 fungi
  3 plants
2148 creatures vanquished.

Vanquished Creatures (collateral kills)
  2 death oozes (Slime:6)
  A brown ooze (Slime:6)
3 creatures vanquished.

Vanquished Creatures (others)
  2 acid blobs (Slime:6)
  A spectral weapon (Vaults:5)
  A merfolk aquamancer (Shoals:4)
  A centaur warrior (Vaults:3)
  A deep elf knight (Vaults:2)
  A fire crab (Vaults:5)
  A wolf spider (Vaults:2)
  An orc sorcerer (Vaults:5)
  A deep elf conjurer (Elf:3)
  2 drowned souls (Shoals:5)
  A salamander (Snake:4)
  2 golden eyes (Slime:6)
  A deep elf fighter (Vaults:5)
  A giant slug (Lair:8)
  A big fish (Lair:5)
  2 jellies
  A green rat (Lair:5)
  A giant mite (Lair:5)
  3 giant spores
  A fungus (Lair:8)
  12 plants
  4 tentacles (Shoals:5)
42 creatures vanquished.

Grand Total: 2193 creatures vanquished

Notes
Turn   | Place    | Note
--------------------------------------------------------------
     0 | D:1      | Econoterrorist, the Gargoyle Fighter, began the quest for the Orb.
     0 | D:1      | Reached XP level 1. HP: 14/14 MP: 1/1
   127 | D:1      | Reached XP level 2. HP: 17/19 MP: 2/2
   498 | D:1      | Reached XP level 3. HP: 21/23 MP: 3/3
   713 | D:2      | Reached skill level 4 in Maces & Flails
  1521 | D:2      | Reached XP level 4. HP: 23/28 MP: 4/4
  1531 | D:2      | Reached skill level 5 in Maces & Flails
  1581 | D:3      | Reached XP level 5. HP: 27/32 MP: 5/5
  2259 | D:3      | Reached skill level 6 in Maces & Flails
  2274 | D:3      | Noticed TomPliss' ghost (average OgWz)
  2333 | D:3      | Killed TomPliss' ghost
  2333 | D:3      | Reached XP level 6. HP: 16/38 MP: 6/6
  3351 | D:5      | Entered Level 5 of the Dungeon
  3398 | D:5      | Reached XP level 7. HP: 33/43 MP: 7/7
  3668 | D:5      | Reached skill level 5 in Shields
  4011 | D:5      | Reached skill level 5 in Armour
  4065 | D:5      | Found a basalt altar of Yredelemnul.
  4297 | D:5      | Reached skill level 5 in Fighting
  4297 | D:5      | Reached XP level 8. HP: 49/49 MP: 8/8
  4570 | D:6      | Reached skill level 7 in Maces & Flails
  4570 | D:6      | Paralysed by a giant eyeball for 2 turns
  4580 | D:6      | Paralysed by a giant eyeball for 4 turns
  4692 | D:6      | HP: 2/49 [orc warrior/dire flail (9)]
  5354 | D:6      | Noticed Neoxx's ghost (experienced FoCK)
  5559 | D:6      | Found a staircase to the Ecumenical Temple.
  5861 | D:5      | Found a bloodstained altar of Trog.
  6110 | D:6      | HP: 2/50 [Neoxx's ghost (9)]
  6111 | D:6      | Killed Neoxx's ghost
  6111 | D:6      | Reached skill level 8 in Maces & Flails
  6111 | D:6      | Reached XP level 9. HP: 2/55 MP: 9/9
  6994 | Temple   | Entered the Ecumenical Temple
  7003 | Temple   | Became a worshipper of Warmaster Okawaru
  7657 | D:7      | Reached skill level 9 in Maces & Flails
  7742 | D:6      | Found a blossoming altar of Fedhas.
  7742 | D:6      | Found a shimmering altar of Xom.
  7793 | D:6      | Found a shadowy altar of Dithmenos.
  9351 | D:8      | Acquired Okawaru's first power
  9671 | D:8      | Reached skill level 10 in Maces & Flails
  9693 | D:8      | Reached XP level 10. HP: 26/63 MP: 10/10
 10745 | D:9      | Reached skill level 11 in Maces & Flails
 10819 | D:9      | Found a staircase to the Lair.
 10824 | D:9      | Noticed an octopode
 10843 | D:9      | Killed an octopode
 11893 | Lair:1   | Entered Level 1 of the Lair of Beasts
 11919 | Lair:1   | Noticed a six-headed hydra
 11929 | Lair:1   | Killed a six-headed hydra
 11929 | Lair:1   | Reached XP level 11. HP: 58/69 MP: 8/11
 12385 | Lair:1   | Reached skill level 12 in Maces & Flails
 12533 | Lair:1   | Acquired Okawaru's second power
 13576 | Lair:2   | Noticed an eight-headed hydra
 13586 | Lair:2   | Killed an eight-headed hydra
 13588 | Lair:2   | Received a gift from Okawaru
 14167 | Lair:3   | Reached skill level 13 in Maces & Flails
 14261 | Lair:3   | Reached XP level 12. HP: 77/77 MP: 12/12
 14264 | Lair:3   | Found a staircase to the Shoals.
 15010 | Lair:4   | Reached skill level 10 in Shields
 15511 | Lair:4   | Reached skill level 10 in Armour
 15529 | Lair:4   | Reached skill level 10 in Fighting
 16424 | Lair:5   | Found a staircase to the Snake Pit.
 16697 | Lair:5   | Noticed an eight-headed hydra
 16726 | Lair:5   | Killed an eight-headed hydra
 17036 | Lair:6   | Reached skill level 14 in Maces & Flails
 17611 | Lair:6   | Noticed a five-headed hydra
 17620 | Lair:6   | Killed a five-headed hydra
 17797 | Lair:6   | Received a gift from Okawaru
 17806 | Lair:6   | Got a smoking plate armour {god gift}
 17828 | Lair:6   | Identified the -9 plate armour of Disguise {Str+1 Dex-5} (Okawaru gifted it to you on level 6 of the Lair of Beasts)
 17991 | Lair:6   | Reached XP level 13. HP: 57/84 MP: 11/13
 18678 | Lair:7   | Noticed Fannar
 18727 | Lair:7   | Killed Fannar
 18900 | Lair:7   | Noticed Nergalle
 18915 | Lair:7   | Killed Nergalle
 19496 | Lair:7   | Reached skill level 15 in Maces & Flails
 19758 | Lair:7   | Found a glowing silver altar of Zin.
 19839 | Lair:8   | Entered Level 8 of the Lair of Beasts
 20934 | Lair:8   | Received a gift from Okawaru
 21768 | Lair:8   | Received a gift from Okawaru
 21768 | Lair:8   | Gained mutation: Your wings are large and strong. [gargoyle growth]
 21768 | Lair:8   | Reached XP level 14. HP: 88/92 MP: 14/14
 21886 | Lair:8   | Found a staircase to the Slime Pits.
 21957 | Lair:8   | Reached skill level 16 in Maces & Flails
 22558 | Lair:3   | Identified a scroll of acquirement
 22650 | D:10     | Entered Level 10 of the Dungeon
 23487 | D:11     | Noticed Grum
 23500 | D:11     | Killed Grum
 23570 | D:11     | Noticed Psyche
 23581 | D:11     | Killed Psyche
 23590 | D:11     | Found a shimmering altar of Xom.
 23849 | D:11     | Noticed Maurice
 23857 | D:11     | Killed Maurice
 24284 | D:12     | Found a staircase to the Orcish Mines.
 24297 | Orc:1    | Entered Level 1 of the Orcish Mines
 24360 | Orc:1    | Found Diynliyv's Distillery.
 24368 | Orc:1    | Bought a potion of mutation for 51 gold pieces
 24368 | Orc:1    | Bought a potion of berserk rage for 51 gold pieces
 24471 | Orc:2    | Noticed Snorg
 24530 | Orc:1    | Killed Snorg
 24530 | Orc:1    | Received a gift from Okawaru
 24833 | Orc:2    | Found Uxeuxaob's Magic Scroll Shop.
 24841 | Orc:2    | Noticed Erica
 24856 | Orc:2    | Killed Erica
 24871 | Orc:2    | Bought a scroll of identify for 32 gold pieces
 24871 | Orc:2    | Bought a scroll of identify for 32 gold pieces
 24871 | Orc:2    | Bought a scroll of identify for 32 gold pieces
 24871 | Orc:2    | Bought a scroll of identify for 32 gold pieces
 24871 | Orc:2    | Bought a scroll of curse weapon for 32 gold pieces
 24871 | Orc:2    | Bought a scroll of identify for 32 gold pieces
 25308 | Orc:3    | Found a burning altar of Makhleb.
 25809 | Orc:3    | Paralysed by an orc sorcerer for 4 turns
 27092 | Orc:4    | Entered Level 4 of the Orcish Mines
 27092 | Orc:4    | Found a staircase to the Elven Halls.
 27158 | Orc:4    | Noticed an orc warlord
 27238 | Orc:3    | Killed an orc warlord
 27461 | Orc:4    | Found Qabro's General Store.
 27477 | Orc:4    | Received a gift from Okawaru
 27493 | Orc:4    | Bought a scroll of identify for 30 gold pieces
 27493 | Orc:4    | Bought a scroll of curse jewellery for 30 gold pieces
 27612 | Orc:4    | Found a bloodstained altar of Trog.
 27754 | Orc:4    | Found Sodux's Jewellery Shop.
 27784 | Orc:4    | Bought an uncursed amulet of resist mutation for 560 gold pieces
 27784 | Orc:4    | Bought an uncursed amulet of resist corrosion for 280 gold pieces
 27784 | Orc:4    | Bought the ring "Rery" {SustAb SInv Stlth} for 441 gold pieces
 27784 | Orc:4    | Bought a cursed ring of hunger for 28 gold pieces
 27784 | Orc:4    | Bought an uncursed amulet of warding for 210 gold pieces
 27861 | Orc:4    | Found Uxotut's Antique Armour Emporium.
 28068 | Orc:4    | Bought a pair of polished boots for 188 gold pieces
 28073 | Orc:4    | Identified the cursed +1 pair of boots of Anaesthesia {rN+} (You bought it in a shop on level 4 of the Orcish Mines)
 28317 | Orc:4    | Found Twolaont's Antique Weapon Boutique.
 28520 | D:11     | Reached XP level 15. HP: 99/99 MP: 15/15
 28652 | Lair:3   | Upgraded the game from 0.14-a0-2848-g1d0399b to 0.14-a0-2881-g20de702
 28697 | Snake:1  | Entered Level 1 of the Snake Pit
 29161 | Snake:1  | Received a gift from Okawaru
 29165 | Snake:1  | Got a crystal demon whip {god gift}
 29166 | Snake:1  | Identified the +7,+7 demon whip of Schaut {drain, Contam rElec rF++ rC+ MR++} (Okawaru gifted it to you on level 1 of the Snake Pit)
 30145 | Snake:1  | Got a faintly humming cloak
 30149 | Snake:1  | Identified the +3 cloak of Lillic {rF+ MR+ Int+2 SInv} (You acquired it on level 1 of the Snake Pit)
 30822 | Snake:2  | Got an encrusted chain mail
 30842 | Snake:2  | Identified the cursed -1 chain mail of Claustrophobia {Dex+3} (You found it on level 2 of the Snake Pit)
 31111 | Snake:3  | Reached skill level 15 in Shields
 31606 | Snake:3  | Received a gift from Okawaru
 31610 | Snake:3  | Got a pitted plate armour {god gift}
 31632 | Snake:3  | Identified the +9 plate armour of Fashionability {rC+ Int-1} (Okawaru gifted it to you on level 3 of the Snake Pit)
 33268 | Snake:5  | Entered Level 5 of the Snake Pit
 33304 | Snake:5  | Noticed a greater naga
 33336 | Snake:5  | Killed a greater naga
 33626 | Snake:5  | Reached XP level 16. HP: 104/104 MP: 16/16
 33712 | Snake:5  | Found Brievahu's Food Shop.
 33819 | Snake:5  | Reached skill level 17 in Shields
 33847 | Snake:5  | Received a gift from Okawaru
 34112 | Snake:5  | Noticed a greater naga
 34135 | Snake:4  | Killed a greater naga
 34788 | Snake:5  | Reached skill level 18 in Shields
 35152 | Snake:5  | Received a gift from Okawaru
 35392 | Snake:5  | Noticed a greater naga
 35503 | Snake:5  | Killed a greater naga
 35596 | Snake:5  | Received a gift from Okawaru
 35622 | Snake:5  | Noticed a greater naga
 35964 | Snake:4  | Killed a greater naga
 35964 | Snake:4  | Reached skill level 19 in Shields
 36027 | Snake:5  | Noticed a greater naga
 36040 | Snake:5  | Killed a greater naga
 36093 | Snake:5  | Noticed a greater naga
 36110 | Snake:5  | Noticed a greater naga
 36111 | Snake:5  | Noticed a greater naga
 36116 | Snake:5  | Got a serpentine rune of Zot
 36174 | Snake:5  | Killed a greater naga
 36183 | Snake:5  | Killed a greater naga
 36392 | Snake:5  | Killed a greater naga
 36905 | Shoals:1 | Entered Level 1 of the Shoals
 37240 | Shoals:1 | Reached XP level 17. HP: 109/109 MP: 17/17
 37473 | Shoals:1 | Reached skill level 20 in Shields
 38678 | Shoals:3 | Received a gift from Okawaru
 39562 | Shoals:4 | Noticed Louise
 39571 | Shoals:4 | Noticed Ilsuiw
 39605 | Shoals:3 | Killed Louise
 39701 | Shoals:3 | Killed Ilsuiw
 39802 | Shoals:4 | Reached skill level 21 in Shields
 39869 | Shoals:4 | Received a gift from Okawaru
 40494 | Shoals:4 | Found Khihiaru's Weapon Emporium.
 40850 | Shoals:4 | Noticed Donald
 40884 | Shoals:4 | Killed Donald
 41230 | Shoals:5 | Entered Level 5 of the Shoals
 41901 | Shoals:5 | Reached skill level 22 in Shields
 42286 | Shoals:5 | Reached XP level 18. HP: 99/115 MP: 16/18
 42704 | Shoals:5 | Got a barnacled rune of Zot
 43798 | Slime:1  | Entered Level 1 of the Pits of Slime
 43916 | Slime:1  | Reached skill level 23 in Shields
 44117 | Slime:1  | Gained mutation: You are frail (-10% HP). [a shining eye]
 44147 | Slime:1  | Received a gift from Okawaru
 44492 | Slime:3  | Paralysed by a giant eyeball for 2 turns
 45808 | Slime:5  | Paralysed by a giant eyeball for 4 turns
 46489 | Slime:4  | Reached skill level 24 in Shields
 46934 | Slime:3  | Received a gift from Okawaru
 46963 | Slime:3  | Noticed Dissolution
 46991 | Slime:6  | Entered Level 6 of the Pits of Slime
 47022 | Slime:6  | Reached XP level 19. HP: 89/108 MP: 9/18
 47189 | Slime:6  | Found a viscous altar of Jiyva.
 47205 | Slime:6  | Noticed the royal jelly
 47233 | Slime:6  | Killed the royal jelly
 47885 | Elf:1    | Entered Level 1 of the Elven Halls
 48237 | Elf:1    | Reached skill level 25 in Shields
 48360 | Elf:1    | Noticed Rupert
 48379 | Elf:1    | Killed Rupert
 49023 | Elf:2    | Found Smoihiang's Antique Weapon Boutique.
 49087 | Elf:2    | Found a portal to a secret trove of treasure.
 50126 | Slime:6  | Got a pair of twisted gloves
 50190 | Slime:6  | Received a gift from Okawaru
 50190 | Slime:6  | Reached skill level 15 in Fighting
 50265 | Slime:6  | Got a slimy rune of Zot
 50291 | Slime:6  | Identified the +1 pair of gloves of the Pure Lies {rF+ rC+ rN+ Int+3 Stlth-} (You found it on level 6 of the Pits of Slime)
 50316 | Slime:6  | Gained mutation: Your body is slowly deteriorating. [a shining eye]
 50921 | Lair:3   | Learned a level 2 spell: Blink
 50924 | Lair:3   | Learned a level 2 spell: Repel Missiles
 50927 | Lair:3   | Learned a level 2 spell: Shroud of Golubria
 50930 | Lair:3   | Learned a level 2 spell: Swiftness
 50934 | Lair:3   | Learned a level 3 spell: Regeneration
 50938 | Lair:3   | Learned a level 3 spell: Spectral Weapon
 51189 | Elf:1    | Reached skill level 1 in Charms
 51304 | Trove    | Entered a treasure trove
 51731 | Lair:3   | Lost mutation: Your body is slowly deteriorating. [potion of cure mutation]
 51731 | Lair:3   | Lost mutation: You are frail (-10% HP). [potion of cure mutation]
 51991 | Elf:3    | Entered Level 3 of the Elven Halls
 52827 | Elf:3    | Reached skill level 5 in Charms
 53176 | Elf:3    | Reached skill level 1 in Spellcasting
 53368 | Elf:3    | Gained mutation: Your body is slowly deteriorating. [a cacodemon]
 53511 | Elf:3    | Reached XP level 20. HP: 115/129 MP: 27/27
 53676 | Elf:3    | Reached skill level 5 in Spellcasting
 53694 | Elf:3    | Received a gift from Okawaru
 54500 | D:12     | Noticed Urug
 54510 | D:12     | Killed Urug
 54510 | D:12     | Reached skill level 1 in Translocations
 54563 | D:12     | Noticed Josephine
 54577 | D:12     | Killed Josephine
 54577 | D:12     | Reached skill level 1 in Invocations
 55837 | D:14     | Got an ancient jade amulet
 55840 | D:14     | Identified the amulet of Qientol Upij {Clar rC+} (You acquired it on level 14 of the Dungeon)
 55913 | D:14     | Found a gate to the Vaults.
 55936 | Vaults:1 | Entered Level 1 of the Vaults
 55983 | Vaults:1 | Reached skill level 5 in Invocations
 56043 | Vaults:1 | Received a gift from Okawaru
 56680 | D:15     | Entered Level 15 of the Dungeon
 57491 | D:16     | Entered Level 16 of the Dungeon
 57772 | D:16     | Found Acaasus' Distillery.
 57841 | D:16     | Bought a potion of might for 27 gold pieces
 57841 | D:16     | Bought a potion of heal wounds for 33 gold pieces
 57841 | D:16     | Bought a potion of cure mutation for 385 gold pieces
 57842 | D:16     | Lost mutation: Your body is slowly deteriorating. [potion of cure mutation]
 57844 | D:16     | Found Sigeami's Distillery.
 57845 | D:16     | Found Motuxzeu's Antique Armour Shop.
 57868 | D:16     | Bought 2 potions of might for 55 gold pieces
 57868 | D:16     | Bought a potion of strong poison for 22 gold pieces
 58088 | D:16     | Found an ancient bone altar of Kikubaaqudgha.
 58178 | D:16     | Found a staircase to the Depths.
 59718 | Vaults:2 | Received a gift from Okawaru
 60001 | Vaults:2 | Reached XP level 21. HP: 138/140 MP: 32/32
 62248 | Vaults:3 | Found a staircase to the Hall of Blades.
 62792 | Vaults:3 | Found a staircase to the Crypt.
 64027 | Vaults:4 | Received a gift from Okawaru
 65245 | Vaults:4 | Noticed Jorgrun
 65264 | Vaults:4 | Killed Jorgrun
 65400 | Vaults:5 | Entered Level 5 of the Vaults
 65485 | Vaults:4 | Reached XP level 22. HP: 134/153 MP: 32/32
 65504 | Vaults:4 | Received a gift from Okawaru
 65738 | Vaults:5 | Noticed Margery
 65925 | Vaults:5 | Killed from afar by a titan

Action                   |  1- 3 |  4- 6 |  7- 9 | 10-12 | 13-15 | 16-18 | 19-21 | 22-24 || total
-------------------------+-------+-------+-------+-------+-------+-------+-------+-------++-------
Melee: Mace              |   181 |   236 |       |       |       |       |       |       ||   417
       Flail             |       |    44 |   783 |   341 |    12 |       |       |       ||  1180
       Morningstar       |       |       |       |  1266 |   893 |       |       |       ||  2159
       Eveningstar       |       |       |       |       |   829 |       |       |       ||   829
       Demon whip        |       |       |       |       |   663 |  2649 |  3522 |   194 ||  7028
 Cast: Regeneration      |       |       |       |       |       |       |    33 |    10 ||    43
       Repel Missiles    |       |       |       |       |       |       |     9 |     1 ||    10
       Spectral Weapon   |       |       |       |       |       |       |     1 |     1 ||     2
       Shroud of Golubri |       |       |       |       |       |       |     2 |     2 ||     4
       Swiftness         |       |       |       |       |       |       |     1 |       ||     1
Invok: Heroism           |       |       |     1 |     4 |     9 |       |     2 |       ||    16
       Finesse           |       |       |       |       |       |       |     1 |       ||     1
 Abil: Fly               |       |       |       |       |     1 |       |       |       ||     1
Evoke: Wand              |       |     2 |     3 |    10 |    11 |     3 |    18 |     2 ||    49
  Use: Scroll            |     2 |       |     7 |     8 |    16 |    12 |    11 |     5 ||    61
       Potion            |     2 |       |     8 |     1 |     3 |     4 |     4 |     2 ||    24
 Stab: Invisible         |       |       |     6 |       |     2 |       |       |       ||     8
